AoeStats
← Mika

Arena

504890247Analyzed
1v1 RM · 26d ago on Sep 6, 2026· 51m 57s· 2 players
Game mode
Random Map
Map size
Tiny (2 player)
Population
200
Speed
Normal
Resources
Standard
Victory
Conquest
Starting age
Dark Age
Ending age
Imperial Age
RankedLock teamsTeams togetherTeam positionsShared explorationLock speedFull tech treeHidden civsTurbo modeCheats
Victory
Defeat
🇬🇧 Byzantines · United Kingdom
928
+16
🇦🇷 Byzantines · Argentina
925
-16
Mika
5:48 Loom
10:42 Feudal Age
11:19 Double-Bit Axe
16:31 Castle Age
17:51 Bow Saw
19:19 Horse Collar
20:20 Pikeman
21:04 Heavy Plow
22:05 Squires
23:27 Fervor
24:23 Light Cavalry
25:08 Husbandry
28:37 Wheelbarrow
27:57 Stone Mining
29:38 Hand Cart
30:00 Stone Shaft Mining
31:14 Fortified Wall
30:46 Treadmill Crane
31:19 Fortified Wall
34:23 Imperial Age
35:56 Fletching
36:32 Crossbowman
37:18 Thumb Ring
38:26 Chemistry
37:55 Bodkin Arrow
39:20 Two-Man Saw
37:49 Arbalester
37:55 Capped Ram
39:32 Ballistics
42:10 Onager
42:58 Siege Ram
44:15 Light Cavalry
45:22 Hussar
47:20 Scale Barding Armor
47:26 Forging
48:05 Cavalier
49:38 Bracer
51:37 Conscription
Harms
11:34 Feudal Age
12:12 Horse Collar
15:47 Castle Age
14:02 Double-Bit Axe
14:40 Gold Mining
24:51 Wheelbarrow
26:19 Gold Shaft Mining
25:37 Stone Mining
27:04 Hand Cart
30:16 Imperial Age
27:34 Loom
28:27 Stone Shaft Mining
28:12 Forging
28:26 Pikeman
29:06 Squires
28:53 Gambesons
28:55 Arson
30:32 Iron Casting
29:49 Fletching
30:00 Padded Archer Armor
30:22 Ballistics
31:27 Conscription
31:20 Halberdier
32:00 Bodkin Arrow
32:06 Scale Mail Armor
33:56 Bow Saw
33:49 Heavy Plow
34:53 Chain Mail Armor
34:39 Bracer
35:48 Chemistry
36:59 Treadmill Crane
37:31 Fortified Wall
37:01 Elite Skirmisher
41:15 Leather Archer Armor
41:30 Plate Mail Armor
42:30 Elite Cataphract
44:37 Two-Man Saw
44:16 Crop Rotation
46:44 Logistica
Connection lost

Rejoining the realm…

Still unreachable

The connection could not be restored.

Session expired

The server has moved on; the page needs a fresh start.